 Dungeon Crawl Stone Soup version 0.23.2-30-g0e89c35649 (webtiles) character file.

Game seed: 6850202447562768239

54 HammerPanzer the Slasher (level 3, -2/33 HPs)
             Began as a Draconian Berserker on June 8, 2019.
             Was a Believer of Trog.
             Slain by an orc wizard
             ... wielding a +0 dagger
              (3 damage)
             ... on level 2 of the Dungeon.
             The game lasted 00:01:55 (639 turns).

HammerPanzer the Slasher (Draconian Berserker)       Turns: 639, Time: 00:01:56

Health: -2/33      AC:  5    Str: 20    XL:     3   Next: 66%
Magic:  3/3        EV: 13    Int:  7    God:    Trog [**....]
Gold:   23         SH:  0    Dex: 10    Spells: 2/2 levels left

rFire    . . .     SeeInvis .   a - +0 falchion
rCold    . . .     Gourm    .   (no shield)
rNeg     . . .     Faith    .   (armour unavailable)
rPois    .         Spirit   .   (helmet restricted)
rElec    .         Reflect  .   (no cloak)
rCorr    .         Harm     .   (no gloves)
MR       .....                  (no boots)
Stlth    +.........             (no amulet)
HPRegen  0.11/turn              (no ring)
MPRegen  0.08/turn              (no ring)

@: berserk cooldown, slowed, very slow
A: unfitting armour, cold-blooded, AC +5
a: Berserk, Trog's Hand, Renounce Religion


You were on level 2 of the Dungeon.
You worshipped Trog.
Trog was pleased with you.
You were not hungry.

You visited 1 branch of the dungeon, and saw 2 of its levels.

You collected 23 gold pieces.

Inventory:

Hand Weapons
 a - a +0 falchion (weapon)
Jewellery
 g - an uncursed ring of stealth {unknown}
Scrolls
 d - a scroll of remove curse
 e - a scroll of immolation {unknown}
 h - a scroll of identify {unknown}
 i - a scroll of fog {unknown}
 j - a scroll of teleportation {unknown}
Potions
 f - a potion of lignification {unknown}
Comestibles
 b - 5 rations
 c - a chunk of flesh


   Skills:
 + Level 3.8 Fighting
 * Level 3.9 Long Blades
 + Level 3.1 Dodging


You had 2 spell levels left.
You didn't know any spells.
Your spell library was empty.

Dungeon Overview and Level Annotations

Branches:
Dungeon (2/15)

Altars:


Innate Abilities, Weirdness & Mutations

Your plain brown scales are hard. (AC +5)
You cannot fit into any form of body armour.
You are cold-blooded and may be slowed by cold attacks.


Message History

The orc priest hits you but does no damage.
Things that are here:
a +0 dagger; a +0 robe; a giant cockroach corpse You hit the orc priest.
The orc priest is lightly wounded.
Something hits you but does no damage. The orc priest barely misses you.
Something hits you.
You slash the orc priest!
The orc priest is severely wounded.
The orc priest mumbles some strange prayers to Beogh against you.
Beogh smites you!
* * * LOW HITPOINT WARNING * * *
Something hits you.
* * * LOW HITPOINT WARNING * * *
The orc priest misses you.
You riposte.
You closely miss the orc priest.
The orc priest is severely wounded.
As you read the scroll labeled BAEROTSUJOMN, it crumbles to dust.
You feel blessed for a moment.
It was a scroll of remove curse.
Something hits you.
You die...

## #.#############
#............#.# ###
#.#.#.#.#)..... ..##
##............#
#.###.#.#.#@##.#.##
#..#..#.)..o# #
#.....###.#..#
#...........#.#
##.###.....###......#
.......<.............
...........###.#>###.#
##.###.....# #.#<# .#
# ###.###


You could see an orc priest.

Vanquished Creatures
  An orc wizard (D:2)
  A dart slug (D:1)
  6 bats
  3 giant cockroaches
  2 goblins (D:1)
  3 hobgoblins (D:1)
  2 ball pythons (D:1)
  2 frilled lizards (D:1)
  2 kobolds (D:1)
  4 rats (D:1)
26 creatures vanquished.

Notes
Turn   | Place    | Note
-------+----------+-------------------------------------------
     0 | D:1      | HammerPanzer the Draconian Berserker began the quest for
                  | the Orb.
     0 | D:1      | Reached XP level 1. HP: 19/19 MP: 1/1
   111 | D:1      | Reached XP level 2. HP: 22/26 MP: 2/2
   607 | D:2      | Reached XP level 3. HP: 32/33 MP: 3/3
   631 | D:2      | Reached ** piety under Trog
   638 | D:2      | HP: 1/33 [something (5)]
   639 | D:2      | Slain by an orc wizard

Skill      XL: |  1  2 |
---------------+-------+-----
Dodging        | 3 |  3.1
Fighting       | |  3.8
Long Blades    | |  3.9

Action                   || total
-------------------------++-------
Melee: Falchion          ||    59
       Tailslap          ||     8
Invok: Berserk           ||     1
  Use: Scroll            ||     1
 Stab: Sleeping          ||     1
Armor: Skin              ||    19
Dodge: Dodged            ||    50
       Rpst.: Falchion   ||    14
